 Dungeon Crawl Stone Soup version 0.21-a0-531-gacddea6 (webtiles) character file.

4 Amnesiac the Ducker (level 1, 0/12 HPs)
             Began as a Deep Elf Gladiator on Dec 13, 2017.
             Slain by a kobold (2 damage)
             ... on level 1 of the Dungeon.
             The game lasted 00:00:10 (68 turns).

Amnesiac the Ducker (Deep Elf Gladiator)              Turns: 68, Time: 00:00:11

Health: 0/12       AC:  4    Str: 11    XL:     1   Next: 50%
Magic:  3/3        EV: 13    Int: 12    God:
Gold:   14         SH:  0    Dex: 16    Spells: 0/0 levels left

rFire    . . .     SeeInvis .   a - +0 quarterstaff
rCold    . . .     Gourm    .   (shield currently unavailable)
rNeg     . . .     Faith    .   b - +0 leather armour
rPois    .         Spirit   .   c - +0 helmet
rElec    .         Reflect  .   (no cloak)
rCorr    .         Harm     .   (no gloves)
MR       .....                  (no boots)
Stlth    +.........             (no amulet)
HPRegen  0.04/turn              (no ring)
MPRegen  0.08/turn              (no ring)

@: no status effects
A: no striking features
a: no special abilities


You were on level 1 of the Dungeon.
You were not hungry.

You visited 1 branch of the dungeon, and saw 1 of its levels.

You collected 14 gold pieces.

Inventory:

Hand Weapons
 a - a +0 quarterstaff (weapon)
Missiles
 d - 3 throwing nets (quivered)
 e - 17 poisoned needles
Armour
 b - a +0 leather armour (worn)
 c - a +0 helmet (worn)
Comestibles
 f - a bread ration


   Skills:
 - Level 1.5 Fighting
 - Level 3.0 Staves
 - Level 2.0 Throwing
 + Level 0.8 Armour
 - Level 3.6 Dodging


You couldn't memorise any spells.
You didn't know any spells.

Dungeon Overview and Level Annotations

Branches:
Dungeon (1/15)

Altars:


Message History

You open the large door.
There is a large open door here.
You open the large door.
A goblin comes into view.
The goblin shouts!
Found 6 gold pieces.
There is a large open door here.
You enter the shallow water.
Moving in this stuff is going to be slow.
The goblin closely misses you.
You miss the goblin. The goblin closely misses you.
The goblin barely misses you.
You sock the goblin!
You kill the goblin!
No target in view!
No target in view!
You see here a goblin corpse.
You now have 6 gold pieces.
As you open the door, it creaks loudly!
A hobgoblin comes into view.
The hobgoblin hits you.
Found a stone staircase leading down.
You barely miss the hobgoblin. The hobgoblin barely misses you.
A hobgoblin is nearby!
You sock the hobgoblin!
You kill the hobgoblin!
There is an open door here.
HP restored.
You now have 14 gold pieces (gained 8).
A hobgoblin comes into view. It is wielding a club.
You see here 12 gold pieces.
You enter the shallow water.
Moving in this stuff is going to be slow.
A kobold comes into view.
The kobold shouts!
A rat comes into view.
The rat twitches its whiskers.
The kobold throws a stone.
The stone completely misses you.
There are monsters nearby!
You hit the hobgoblin but do no damage. The hobgoblin barely misses you.
The kobold throws a stone.
The stone closely misses you.
Your unstable footing causes you to fumble your attack.
The hobgoblin hits you with a club.
The kobold throws a stone.
The stone closely misses you.
A hobgoblin comes into view.
The hobgoblin shouts!
The kobold barely misses you.
You hit the hobgoblin.
The hobgoblin is moderately wounded.
The hobgoblin hits you but does no damage.
The rat bites you but does no damage. The kobold hits you.
* * * LOW HITPOINT WARNING * * *
The rat bites you but does no damage.
The hobgoblin splashes around in the water.
You sock the hobgoblin!
You kill the hobgoblin!
You hear a splash.
The kobold hits you.
* * * LOW HITPOINT WARNING * * *
The rat closely misses you.
You are too injured to fight recklessly!
You are too injured to fight recklessly!
You completely miss the rat. The kobold hits you.
You die...

########################
............$.(....g....
.≈≈≈≈≈≈≈≈≈≈≈≈≈≈≈)≈≈..###
#≈..8..........8@r≈.....
#≈.##############K≈..##.
#≈8#≈≈≈≈≈#§§≈§#.#8≈.....
#≈.#≈...≈#§≈≈§#.#.≈...#.
#≈.#≈.#.≈#.§≈.#.#.≈.#.#
#≈8#≈.#.≈#.≈≈.#.#.≈.. #
.≈.#≈.#.≈#.≈§.#.#.≈##.
...'..#..'.§§.'<#.≈. ..
...'..#..'....'.#


You could see a hobgoblin, a kobold and a rat.

Vanquished Creatures
  A goblin (D:1)
  2 hobgoblins (D:1)
3 creatures vanquished.

Notes
Turn   | Place    | Note
-------+----------+-------------------------------------------
     0 | D:1      | Amnesiac the Deep Elf Gladiator began the quest for the Orb.
     0 | D:1      | Reached XP level 1. HP: 12/12 MP: 3/3
    68 | D:1      | Slain by a kobold

Vault maps used:
D:1:      lightli_arrival_isolated_outpost, st_stairs_14

Action                   || total
-------------------------++-------
Melee: Quarterstaff      ||     9
Armor: Leather armour    ||     3
Dodge: Dodged            ||    10

Table legend:
 A = Spawn XP
 B = Non-spawn XP
 C = Spawn XP percentage of total XP
 D = Spawn monster count
 E = Non-spawn monster count
 F = Spawn count percentage of total count
 G = Total turns spent on level
                    A         B        C        D         E        F      G
               +---------+---------+-------+---------+---------+-------+---------
         Total |       0 |       6 |   0.0 |       0 |       3 |   0.0 |    68
               +---------+---------+-------+---------+---------+-------+---------
           D:1 |       0 |       6 |   0.0 |       0 |       3 |   0.0 |    68
               +---------+---------+-------+---------+---------+-------+---------
